 Dungeon Crawl Stone Soup version 0.22.1-2-g9c5b331 (webtiles) character file.

11241 TheAlmogaver the Thaumaturge (level 11, 83/83 HPs)
             Began as a Gnoll Wizard on Jan 4, 2019.
             Was a Believer of Ashenzari.
             Quit the game on level 1 of the Lair of Beasts on Jan 5, 2019.
             The game lasted 02:31:33 (21181 turns).

TheAlmogaver the Thaumaturge (Gnoll Wizard)        Turns: 21181, Time: 02:31:33

Health: 83/83      AC: 17    Str:  9    XL:     11   Next: 74%
Magic:  23/24      EV:  6    Int: 24    God:    Ashenzari [**....]
Gold:   292        SH:  9    Dex: 14    Spells: 18/29 levels left

rFire    + . .     SeeInvis .   y - +4 dagger
rCold    . . .     Gourm    .   c - +3 buckler of the Hidden Vale {+Blink} (curse)
rNeg     . . .     Faith    .   I - +2 chain mail "Womm" {Regen+ Stlth+}
rPois    .         Spirit   +   b - +0 hat
rElec    .         Reflect  .   (no cloak)
rCorr    .         Harm     .   (no gloves)
MR       .....                  (no boots)
Stlth    ++........             i - amulet of guardian spirit
HPRegen  0.63/turn              E - +5 ring of protection
MPRegen  0.19/turn              u - ring of protection from fire

@: very slightly contaminated
A: distributed training, fangs 1, strong nose
a: Curse Item, Scrying, Renounce Religion, Evoke Blink


You were on level 1 of the Lair of Beasts.
You worshipped Ashenzari.
Ashenzari was pleased with you.
You were not hungry.

You visited 3 branches of the dungeon, and saw 13 of its levels.

You collected 655 gold pieces.
You spent 363 gold pieces at shops.

Inventory:

Hand Weapons
 v - a +3 morningstar
 y - a +4 dagger (weapon)
 A - a +0 flail
Missiles
 n - 295 arrows
 s - 8 tomahawks
 H - a throwing net (quivered)
Armour
 b - a +0 hat (worn)
 c - the cursed +3 buckler of the Hidden Vale (worn) {+Blink}
   (You bought it in a shop on level 9 of the Dungeon)

   It lets you blink.
   It has a curse placed upon it.
 t - a cursed +0 helmet
 D - the +1 ring mail of Light {+Blink Int+4 SInv Stlth-}
   (You found it on level 4 of the Dungeon)

   It affects your intelligence (+4).
   It lets you see invisible.
   It lets you blink.
   It makes you less stealthy.
 I - the +2 chain mail "Womm" (worn) {Regen+ Stlth+}
   (You found it on level 7 of the Dungeon)

   It increases your rate of regeneration.
   It makes you more stealthy.
Jewellery
 i - an amulet of guardian spirit (around neck)
 j - a +5 ring of dexterity
 m - an uncursed amulet of regeneration
 r - a cursed amulet of harm
 u - a ring of protection from fire (right hand)
 E - a +5 ring of protection (left hand)
 J - an uncursed amulet of the acrobat
Wands
 F - a wand of acid (10)
Scrolls
 e - a scroll of identify
 h - 6 scrolls of fear
 p - 2 scrolls of remove curse
 q - 2 scrolls of enchant weapon
 w - a scroll of immolation
 C - 3 scrolls of fog
 G - a scroll of teleportation
 K - a scroll of amnesia
 N - a scroll of enchant armour
 O - 2 scrolls of blinking
Potions
 a - 2 potions of agility
 f - a potion of berserk rage
 g - 2 potions of heal wounds
 k - 2 potions of haste
 l - a potion of lignification
 o - a potion of ambrosia
 x - 2 potions of brilliance
 z - a potion of cancellation
 B - 2 potions of curing
 M - a potion of resistance
Comestibles
 d - 5 rations
 L - 4 chunks of flesh


   Skills:
 + Level 6.4 Fighting
 + Level 6.4 Short Blades
 + Level 6.4 Long Blades
 + Level 6.4 Axes
 + Level 6.4 Maces & Flails
 + Level 6.4 Polearms
 + Level 6.4 Staves
 + Level 6.4 Slings
 + Level 6.4 Bows
 + Level 6.4 Crossbows
 + Level 6.4 Throwing
 + Level 6.4 Armour
 + Level 8.0 Dodging
 + Level 7.8 Stealth
 + Level 6.4(7.9) Shields
 + Level 6.4 Unarmed Combat
 + Level 9.7 Spellcasting
 + Level 5.8 Conjurations
 + Level 5.3 Hexes
 + Level 5.3 Charms
 + Level 5.8 Summonings
 + Level 5.3 Necromancy
 + Level 5.8 Translocations
 + Level 5.3 Transmutations
 + Level 5.3 Fire Magic
 + Level 5.3 Ice Magic
 + Level 5.3 Air Magic
 + Level 5.3 Earth Magic
 + Level 5.3 Poison Magic
 + Level 7.1 Invocations
 + Level 6.4 Evocations


You had 18 spell levels left.
You knew the following spells:

 Your Spells              Type           Power        Failure   Level  Hunger
a - Magic Dart            Conj           ####         32%         1    None
b - Blink                 Tloc           N/A          43%         2    None
c - Call Imp              Summ           #####...     43%         2    None
d - Conjure Flame         Conj/Fire      #####...     71%         3    None
e - Mephitic Cloud        Conj/Pois/Air  #####...     73%         3    None

Your spell library contained the following spells:

 Spells                   Type           Power        Failure   Level  Hunger
 Slow                     Hex            #####...     52%         2    None


Dungeon Overview and Level Annotations

Branches:
Dungeon (11/15)            Temple (1/1) D:5            Lair (1/6) D:11
    Orc (0/2) D:10

Altars:
Ashenzari
Cheibriados
Dithmenos
Elyvilon
Fedhas
Gozag
Hepliaklqana
Kikubaaqudgha
Makhleb
Nemelex Xobeh
Okawaru
Qazlal
Ru
Sif Muna
Trog
Uskayaw
Vehumet
Wu Jian
Xom
Yredelemnul
Zin
The Shining One
Beogh

Shops:
D:4 (   D:9 ([![   D:11 ?

Annotations:
D:5 exclusion: statue


Innate Abilities, Weirdness & Mutations

Your experience applies equally to all skills.
You have very sharp teeth.
Your uncanny sense of smell can sniff out nearby items.


Message History

Press: ? - help, Shift-Dir - straight line, f - blink frog
Aim: a blink frog You miscast Magic Dart.
You are very lightly contaminated with residual magic.
Nothing appears to happen.
A blink frog comes into view. x3
Casting: Magic Dart (safe; 32% risk of failure)
Confirm with . or Enter, or press ? or * to list all spells.
The spell is very dangerous to cast (71% risk of failure)!
Continue anyway? [Y]es or [N]o only, please.
The spell is very dangerous to cast (71% risk of failure)!
Continue anyway? [Y]es or [N]o only, please.
The spell is very dangerous to cast (71% risk of failure)!
Continue anyway?
Okay, then.
Casting: Conjure Flame (very dangerous; 71% risk of failure)
Confirm with . or Enter, or press ? or * to list all spells.
The spell is very dangerous to cast (71% risk of failure)!
Continue anyway?
Okay, then.
Your crimson imp blinks!
Are you sure you want to abandon this character and quit the game? (Confirm

#*# ### #.#.*** ### ##.# ,
.b...,*###########.# #...
,
......##.##........###.##
,
F.F...'.5###...........##
......##@.ยง........######
, ....., #####.5.....#
###. * * #.##..### , .. **
* ####..# ** * #.* ,*
#.... * #, ,, ,** ##.##.
,* , ,, #.#, . * * * , ,,,
* ##. * * , ,


You could see a blink frog and 2 friendly crimson imps.

Vanquished Creatures
  Erolcha (D:11)
  A two-headed ogre (D:9)
  An unseen horror (D:11)
  Pikel (D:6)
  An ugly thing (D:11)
  A cyclops (D:11)
  Joseph (D:9)
  A centaur skeleton (D:11)
  A komodo dragon (D:8)
  Grinder (D:3)
  2 hippogriffs
  3 yaks
  A basilisk (Lair:1)
  2 hungry ghosts
  Grum (D:8)
  A soldier ant (D:11)
  A water moccasin (D:9)
  2 porcupines (D:11)
  11 orc warriors
  4 ice beasts
  2 black bears
  3 sky beasts
  2 phantoms
  4 centaurs
  2 wolves
  3 ogres
  4 bullfrogs
  Blork the orc (D:5)
  A water moccasin zombie (D:11)
  3 scorpions
  7 killer bees
  2 wights (D:10)
  A howler monkey (D:5)
  A crimson imp (D:6)
  A bullfrog zombie (D:8)
  A centaur zombie (D:7)
  2 hounds
  2 jellies (D:9)
  2 bullfrog skeletons
  11 orc priests
  11 orc wizards
  4 worker ants
  3 gnolls (D:6)
  A howler monkey skeleton (D:6)
  13 adders
  A shadow imp (D:11)
  An ooze (D:6)
  2 worms (D:2)
  A dart slug (D:1)
  4 leopard geckos
  50 orcs
  3 giant cockroaches
  11 goblins
  7 hobgoblins
  2 jackals (D:10)
  3 kobolds
  4 quokkas
  3 bats
  2 frilled lizards
  A hobgoblin zombie (D:6)
  5 rats
225 creatures vanquished.

Vanquished Creatures (collateral kills)
  A water moccasin (D:11)
  3 black bears
  A sky beast (D:9)
  4 ogres
  A necrophage (D:10)
  3 centaurs
  2 bullfrogs
  3 scorpions
  3 killer bees (D:7)
  A wight (D:10)
  3 howler monkeys
  4 crimson imps
  A jelly (D:4)
  2 hounds
  An orc priest (D:6)
  2 orc wizards
  2 iguanas
  8 worker ants
  A hound zombie (D:9)
  3 adders
  A howler monkey skeleton (D:6)
  2 adder skeletons
  A worm (D:2)
  A leopard gecko (D:11)
  13 orcs
  A goblin (D:2)
  A hobgoblin (D:2)
  6 jackals (D:2)
  2 bats (D:2)
  A goblin skeleton (D:6)
  A goblin zombie (D:6)
  2 hobgoblin zombies (D:6)
  A kobold (D:2)
  A spectral orc (D:5)
83 creatures vanquished.

Vanquished Creatures (others)
  2 slaves (D:6)
  A centaur (D:6)
  A shadow imp (D:6)
  An adder zombie (D:6)
  A goblin zombie (D:6)
  A hobgoblin zombie (D:6)
  42 fungi (D:11)
  20 plants (D:11)
69 creatures vanquished.

Grand Total: 377 creatures vanquished

Notes
Turn   | Place    | Note
-------+----------+-------------------------------------------
     0 | D:1      | TheAlmogaver the Gnoll Wizard began the quest for the Orb.
     0 | D:1      | Reached XP level 1. HP: 13/13 MP: 8/8
   397 | D:1      | Reached XP level 2. HP: 16/19 MP: 5/10
   780 | D:2      | Reached XP level 3. HP: 25/25 MP: 4/11
   784 | D:2      | Learned a level 2 spell: Blink
   787 | D:2      | Learned a level 2 spell: Call Imp
   791 | D:2      | Learned a level 3 spell: Conjure Flame
   795 | D:2      | Learned a level 3 spell: Mephitic Cloud
  1121 | D:2      | Reached skill level 1 in Invocations
  1325 | D:2      | Reached skill level 1 in Fighting
  1325 | D:2      | Reached skill level 1 in Short Blades
  1325 | D:2      | Reached skill level 1 in Long Blades
  1325 | D:2      | Reached skill level 1 in Axes
  1325 | D:2      | Reached skill level 1 in Maces & Flails
  1325 | D:2      | Reached skill level 1 in Polearms
  1325 | D:2      | Reached skill level 1 in Staves
  1325 | D:2      | Reached skill level 1 in Slings
  1325 | D:2      | Reached skill level 1 in Bows
  1325 | D:2      | Reached skill level 1 in Crossbows
  1325 | D:2      | Reached skill level 1 in Throwing
  1325 | D:2      | Reached skill level 1 in Armour
  1325 | D:2      | Reached skill level 1 in Shields
  1325 | D:2      | Reached skill level 1 in Unarmed Combat
  1325 | D:2      | Reached skill level 1 in Evocations
  1349 | D:2      | Reached XP level 4. HP: 32/32 MP: 4/13
  2444 | D:2      | Reached skill level 1 in Hexes
  2444 | D:2      | Reached skill level 1 in Charms
  2444 | D:2      | Reached skill level 1 in Necromancy
  2444 | D:2      | Reached skill level 1 in Transmutations
  2444 | D:2      | Reached skill level 1 in Fire Magic
  2444 | D:2      | Reached skill level 1 in Ice Magic
  2444 | D:2      | Reached skill level 1 in Air Magic
  2444 | D:2      | Reached skill level 1 in Earth Magic
  2444 | D:2      | Reached skill level 1 in Poison Magic
  2497 | D:3      | Reached XP level 5. HP: 31/37 MP: 5/14
  3000 | D:3      | Found an opulent altar of Gozag.
  3224 | D:3      | Noticed Grinder
  3466 | D:3      | Paralysed by Grinder for 3 turns
  3629 | D:3      | Paralysed by Grinder for 3 turns
  3646 | D:3      | Paralysed by Grinder for 6 turns
  3942 | D:3      | Paralysed by Grinder for 2 turns
  3953 | D:3      | Killed Grinder
  3953 | D:3      | Reached XP level 6. HP: 32/44 MP: 0/16
  4286 | D:4      | Found an iron altar of Okawaru.
  4394 | D:4      | Reached skill level 5 in Dodging
  4855 | D:4      | Reached XP level 7. HP: 50/50 MP: 12/18
  5525 | D:4      | Got an ichor-stained ring mail
  5536 | D:4      | Identified the +1 ring mail of Light {+Blink Int+4 SInv
                  | Stlth-} (You found it on level 4 of the Dungeon)
  5611 | D:4      | Found Raiv's Weapon Shop.
  5708 | D:4      | Found a white marble altar of Elyvilon.
  5813 | D:5      | Entered Level 5 of the Dungeon
  5818 | D:5      | Found a radiant altar of Vehumet.
  5955 | D:5      | Reached skill level 5 in Stealth
  6236 | D:5      | Found a sparkling altar of Nemelex Xobeh.
  6324 | D:5      | Noticed Blork the orc
  6627 | D:5      | Reached XP level 8. HP: 49/57 MP: 2/19
  6657 | D:5      | Killed Blork the orc
  6916 | D:5      | Found a staircase to the Ecumenical Temple.
  6927 | Temple   | Entered the Ecumenical Temple
  6992 | Temple   | Became a worshipper of Ashenzari the Shackled
  7142 | D:5      | Found a basalt altar of Yredelemnul.
  7290 | D:5      | Found a shadowy altar of Dithmenos.
  7942 | D:6      | Noticed Pikel
  8072 | D:6      | Killed Pikel
  8072 | D:6      | Reached skill level 8 in Spellcasting
  8129 | D:6      | Found a glowing golden altar of the Shining One.
  8310 | D:6      | Reached XP level 9. HP: 65/65 MP: 15/21
  9622 | D:7      | Got the uncursed chain mail "Womm" {Regen+ Stlth+}
 11148 | D:7      | Reached skill level 5 in Invocations
 12554 | D:8      | Found a hazy altar of Hepliaklqana.
 12615 | D:8      | Reached XP level 10. HP: 73/73 MP: 12/22
 12917 | D:8      | Noticed Grum
 12940 | D:8      | Killed Grum
 12949 | D:8      | Noticed a white ugly thing
 12986 | D:8      | Reached skill level 5 in Fighting
 12986 | D:8      | Reached skill level 5 in Short Blades
 12986 | D:8      | Reached skill level 5 in Long Blades
 12986 | D:8      | Reached skill level 5 in Axes
 12986 | D:8      | Reached skill level 5 in Maces & Flails
 12986 | D:8      | Reached skill level 5 in Polearms
 12986 | D:8      | Reached skill level 5 in Staves
 12986 | D:8      | Reached skill level 5 in Slings
 12986 | D:8      | Reached skill level 5 in Bows
 12986 | D:8      | Reached skill level 5 in Crossbows
 12986 | D:8      | Reached skill level 5 in Throwing
 12986 | D:8      | Reached skill level 5 in Armour
 12986 | D:8      | Reached skill level 5 in Shields
 12986 | D:8      | Reached skill level 5 in Unarmed Combat
 12986 | D:8      | Reached skill level 5 in Evocations
 14015 | D:9      | Found a glowing golden altar of the Shining One.
 14033 | D:9      | Found Virepiw's Antique Armour Shoppe.
 14041 | D:9      | Bought a scorched buckler for 275 gold pieces
 14051 | D:9      | Identified the +3 buckler of the Hidden Vale {+Blink} (You
                  | bought it in a shop on level 9 of the Dungeon)
 14052 | D:9      | Identified the +2 chain mail "Womm" {Regen+ Stlth+} (You
                  | found it on level 7 of the Dungeon)
 14280 | D:9      | Found Ocarie Tidu's Distillery.
 14442 | D:9      | Bought a potion of ambrosia for 88 gold pieces
 14444 | D:9      | Reached * piety under Ashenzari
 14528 | D:9      | Found Woasaaj's Antique Weapon Shoppe.
 14970 | D:9      | Found a bloodstained altar of Trog.
 14973 | D:9      | Found a glowing silver altar of Zin.
 14977 | D:9      | Found a snail-covered altar of Cheibriados.
 15022 | D:9      | Reached skill level 9 in Spellcasting
 15107 | D:9      | Noticed Joseph
 15263 | D:9      | Found a bloodstained altar of Trog.
 15287 | D:9      | Killed Joseph
 15287 | D:9      | Reached skill level 5 in Conjurations
 15287 | D:9      | Reached skill level 5 in Summonings
 15287 | D:9      | Reached skill level 5 in Translocations
 15481 | D:9      | Found Titizir's Antique Armour Shop.
 15732 | D:10     | Entered Level 10 of the Dungeon
 16119 | D:10     | Noticed a two-headed ogre
 16254 | D:9      | Killed a two-headed ogre
 16988 | D:10     | Noticed a gargoyle
 17247 | D:10     | Reached XP level 11. HP: 81/81 MP: 9/24
 18095 | D:10     | Found a roughly hewn altar of Beogh.
 18095 | D:10     | Found a staircase to the Orcish Mines.
 18953 | D:11     | Noticed a cyclops
 18993 | D:11     | Killed a cyclops
 19366 | D:11     | Found Qadijio's Magic Scroll Boutique.
 19387 | D:11     | Noticed a green ugly thing
 19402 | D:11     | Reached ** piety under Ashenzari
 19429 | D:11     | Reached skill level 5 in Hexes
 19429 | D:11     | Reached skill level 5 in Charms
 19429 | D:11     | Reached skill level 5 in Necromancy
 19429 | D:11     | Reached skill level 5 in Transmutations
 19429 | D:11     | Reached skill level 5 in Fire Magic
 19429 | D:11     | Reached skill level 5 in Ice Magic
 19429 | D:11     | Reached skill level 5 in Air Magic
 19429 | D:11     | Reached skill level 5 in Earth Magic
 19429 | D:11     | Reached skill level 5 in Poison Magic
 19563 | D:11     | Noticed a death knight
 19563 | D:11     | Noticed an unseen horror
 19790 | D:11     | Killed a green ugly thing
 19857 | D:11     | Noticed Erolcha
 19975 | D:11     | Killed Erolcha
 20748 | D:11     | Found a staircase to the Lair.
 20764 | D:11     | Killed an unseen horror
 20961 | Lair:1   | Entered Level 1 of the Lair of Beasts
 21181 | Lair:1   | Quit the game

Skill      XL: |  1  2  3  4  5  6  7  8  9 10 11 |
---------------+----------------------------------+-----
Conjurations   | 2 3 4 5 |  5.8
Summonings     | 2 3 4 5 |  5.8
Translocations | 2 3 4 5 |  5.8
Invocations    | 1 2 3 4 5 6 7 |  7.1
Fighting       | 1 2 3 4 5 6 |  6.4
Short Blades   | 1 2 3 4 5 6 |  6.4
Long Blades    | 1 2 3 4 5 6 |  6.4
Axes           | 1 2 3 4 5 6 |  6.4
Maces & Flails | 1 2 3 4 5 6 |  6.4
Polearms       | 1 2 3 4 5 6 |  6.4
Staves         | 1 2 3 4 5 6 |  6.4
Slings         | 1 2 3 4 5 6 |  6.4
Bows           | 1 2 3 4 5 6 |  6.4
Crossbows      | 1 2 3 4 5 6 |  6.4
Throwing       | 1 2 3 4 5 6 |  6.4
Armour         | 1 2 3 4 5 6 |  6.4
Shields        | 1 2 3 4 5 6 |  6.4
Unarmed Combat | 1 2 3 4 5 6 |  6.4
Evocations     | 1 2 3 4 5 6 |  6.4
Hexes          | 1 2 3 4 5 |  5.3
Charms         | 1 2 3 4 5 |  5.3
Necromancy     | 1 2 3 4 5 |  5.3
Transmutations | 1 2 3 4 5 |  5.3
Fire Magic     | 1 2 3 4 5 |  5.3
Ice Magic      | 1 2 3 4 5 |  5.3
Air Magic      | 1 2 3 4 5 |  5.3
Earth Magic    | 1 2 3 4 5 |  5.3
Poison Magic   | 1 2 3 4 5 |  5.3
Dodging        | 5 6 7 8 |  8.0
Stealth        | 5 6 7 |  7.8
Spellcasting   | 8 9 |  9.7

Action                   |  1- 3 |  4- 6 |  7- 9 | 10-12 || total
-------------------------+-------+-------+-------+-------++-------
Melee: Unarmed           |       |     1 |       |       ||     1
       Whip              |       |       |    49 |       ||    49
       Bite              |       |       |     8 |    48 ||    56
       Dagger            |       |       |    31 |   361 ||   392
Throw: Stone             |       |    17 |     6 |       ||    23
       Throwing net      |       |       |       |     1 ||     1
 Cast: Magic Dart        |    62 |   104 |   251 |   305 ||   722
       Call Imp          |     2 |    45 |   128 |   156 ||   331
       Mephitic Cloud    |     1 |     6 |    25 |    47 ||    79
       Blink             |     1 |     4 |    11 |    12 ||    28
       Conjure Flame     |     1 |     2 |     3 |    20 ||    26
Invok: Curse Item        |       |       |       |     2 ||     2
 Abil: Evoke Blink       |       |       |     3 |     4 ||     7
Evoke: Wand              |       |       |       |     1 ||     1
  Use: Scroll            |       |       |     5 |    14 ||    19
       Potion            |       |       |       |     7 ||     7
 Stab: Confused          |       |       |     9 |    12 ||    21
  Eat: Ration            |     1 |     2 |     6 |     7 ||    16
       Chunk             |       |     3 |     2 |     3 ||     8
Armor: Robe              |       |     8 |       |       ||     8
       Ring mail         |       |       |    69 |    85 ||   154
       Chain mail        |       |       |       |     5 ||     5
Dodge: Dodged            |     7 |    54 |   121 |   158 ||   340
Block: Buckler           |       |    14 |    59 |   121 ||   194
